 Dungeon Sprint DCSS version 0.20-a0-493-g19c8d8d (console) character file.

92 sorlin the Slasher (level 4, -5/41 HPs)
             Began as a Barachian Berserker on Jan 17, 2017.
             Was a Priest of Trog.
             Slain by an iguana (7 damage)
             ... in the Dungeon (Sprint IX: "|||||||||||||||||||||||||||||").
             The game lasted 00:00:48 (124 turns).

sorlin the Slasher (Barachian Berserker)             Turns: 124, Time: 00:00:48

Health: -5/41      AC:  2    Str: 15    XL:     4   Next: 60%
Magic:  4/4        EV: 12    Int:  6    God:    Trog [***...]
Gold:   0          SH:  0    Dex: 10    Spells: 3/3 levels left

rFire    . . .     SeeInvis .   a - +0 falchion
rCold    . . .     Gourm    .   b - +0 animal skin
rNeg     . . .     Faith    .   (no shield)
rPois    .         Spirit   .   (no helmet)
rElec    .         Reflect  .   (no cloak)
rCorr    .         Harm     .   (no gloves)
MR       .....     NoTele   +   (no boots)
Stlth    +.........             (no amulet)
Regen    0.2/turn               (no ring)
                                (no ring)

@: lethally poisoned (-5 -> -8), exhausted, slowed, very slow
A: swims, slowness 1, strong legs 1
a: Hop, Berserk, Trog's Hand, Burn Spellbooks, Renounce Religion


You were in the Dungeon.
You worshipped Trog.
Trog was most pleased with you.
You were not hungry.

You visited 1 branch


Innate Abilities, Weirdness & Mutations

You can swim through water.
You cover ground slowly.
You can hop short distances.


   Skills:
 + Level 6.9 Fighting
 + Level 7.1 Long Blades
 + Level 4.1 Armour
 - Level 2.0 Dodging


You had 3 spell levels left.
You didn't know any spells.

Inventory:

Hand Weapons
 a - a +0 falchion (weapon)
Armour
 b - a +0 animal skin (worn)
Scrolls
 i - a scroll of blinking
Potions
 d - a potion of curing
 e - a potion of heal wounds {!q}
 f - a potion of haste {!q}
 g - 2 potions of magic {!q}
 h - a potion of berserk rage {!q}
Comestibles
 c - a bread ration {!e}


Message History

You feel the effects of Trog's Hand fading.
You feel sick. The worker ant closely misses you.
You riposte.
You slash the worker ant!
You kill the worker ant!
Trog accepts your kill.
Your Long Blades skill increases to level 7!
Your Armour skill increases to level 4!
The iguana completely misses you.
You riposte.
You slash the iguana!
The iguana is heavily wounded.
You see here a worker ant corpse.
You hit the iguana.
The iguana is almost dead.
The iguana closely misses you.
You riposte.
You completely miss the iguana.
The iguana is almost dead.
You closely miss the iguana.
The iguana is almost dead.
You feel sick. The iguana bites you!
You take 13 damage.
You closely miss the iguana.
The iguana is almost dead.
You barely miss the iguana.
The iguana is almost dead.
You are no longer berserk.
You are exhausted.
You feel yourself slow down.
You feel sick. The iguana bites you.
You take 16 damage.
You barely miss the iguana.
The iguana is almost dead.
The iguana bites you!
* * * LOW HITPOINT WARNING * * *
You take 9 damage.
You barely miss the iguana.
The iguana is almost dead.
Your skin stops crawling.
You feel less resistant to hostile enchantments.
You feel sick. The iguana bites you.
* * * LOW HITPOINT WARNING * * *
The iguana barely misses you.
You take 3 damage.
You hit the iguana but do no damage.
The iguana is almost dead.
You feel sick. The iguana bites you.
* * * LOW HITPOINT WARNING * * *
You take 4 damage.
You hit the iguana but do no damage.
The iguana is almost dead.
The iguana bites you!
* * * LOW HITPOINT WARNING * * *
The iguana bites you!
You die... █+█ █.█ █.█ █.█ █l█

█@█
█'█
█.█
█.█
█.█
█.█
█.█
█†█
█.█
█.█
█.█


You could see an iguana.

Vanquished Creatures
  A crimson imp (D)
  A jelly (D)
  A worker ant (D)
  A bat (D)
  A frilled lizard (D)
  A giant cockroach zombie (D)
  A kobold (D)
  2 rats (D)
9 creatures vanquished.

Notes
Turn   | Place    | Note
-------+----------+-------------------------------------------
     0 | D        | sorlin the Barachian Berserker began the quest for the Orb.
     0 | D        | Reached XP level 1. HP: 18/18 MP: 1/1
    11 | D        | Reached ** piety under Trog
    11 | D        | Reached skill level 4 in Long Blades
    18 | D        | Reached skill level 4 in Fighting
   100 | D        | Noticed an iguana
   100 | D        | Noticed a worker ant
   100 | D        | Noticed a jelly
   100 | D        | Noticed a crimson imp
   107 | D        | Killed a crimson imp
   107 | D        | Reached skill level 5 in Fighting
   107 | D        | Reached skill level 6 in Long Blades
   107 | D        | Reached XP level 2. HP: 28/28 MP: 2/2
   107 | D        | Reached XP level 3. HP: 34/34 MP: 3/3
   108 | D        | Reached *** piety under Trog
   111 | D        | Reached skill level 6 in Fighting
   111 | D        | Reached skill level 3 in Armour
   111 | D        | Reached XP level 4. HP: 41/41 MP: 4/4
   115 | D        | Reached skill level 7 in Long Blades
   115 | D        | Reached skill level 4 in Armour
   123 | D        | HP: 12/41 [poisoned by a worker ant]
   124 | D        | HP: 2/41 [iguana (7)]
   124 | D        | Slain by an iguana

Vault maps used:
D:        linesprint

Action                   |  1- 3 |  4- 6 || total
-------------------------+-------+-------++-------
Melee: Falchion          |    27 |    12 ||    39
Invok: Berserk           |     1 |       ||     1
       Trog's Hand       |     1 |       ||     1
Armor: Animal skin       |     8 |       ||     8
Dodge: Dodged            |    12 |     4 ||    16
       Rpst.: Falchion   |     3 |     3 ||     6
